Unix NetHack Version 5.0.0-0 post-release - last build Jun 10 2026 00:39:30 (3ee93aec679c4c4259841fe613dc97188e26a321,branch:main).

Game began 2026-06-10 09:46:21, ended 2026-06-11 21:38:54.

BatBeefs, neutral female human Tourist

                                 -----  ------
                                 |...|  |....|
                                 |...----..`.|
                                 |.e......``.|
                                 |.)--->---..|
                                ---.---------|
                                |).)..|<.^.^/|
                                |.....|----..|
                                |..)..|   |.--
                                |..)..-----^|
                                |%.)..@T....|
                                ----------..|
                                         ----

BatBeefs the Peregrinatrix  St:17 Dx:13 Co:17 In:15 Wi:11 Ch:17  Neutral
Dlvl:9  $:0  HP:0(87) Pw:54(54) AC:-4 Xp:11/10872 T:25942  Burdened

Latest messages:
 In what direction? l
 The runed dagger hits the invisible troll.
 The invisible troll picks up an uncursed runed dagger.
 You learn more about your items by comparing them.
 You have a little trouble lifting t - an uncursed runed dagger (at the ready) (5 in total).
 A mysterious force prevents you from teleporting!
 A mysterious force prevents you from teleporting!
 Click!  You trigger a rolling boulder trap!
 No boulder was released.
 You miss the invisible troll.
 You miss the invisible troll.
 The invisible troll hits!
 The invisible troll hits!
 The invisible troll bites!
 The invisible troll hits!
 The invisible troll misses!
 The invisible troll bites!
 You hit the invisible troll.
 You miss the invisible troll.
 The invisible troll hits!
 The invisible troll hits!
 The invisible troll bites!
 You hit the invisible troll.
 You hit the invisible troll.
 The invisible troll misses!
 The invisible troll misses!
 The invisible troll misses!
 You hit the invisible troll.
 You miss the invisible troll.
 The invisible troll hits!
 The invisible troll misses!
 The invisible troll misses!
 The invisible troll hits!
 The invisible troll hits!
 The invisible troll misses!
 Click!  You trigger a rolling boulder trap!
 No boulder was released.
 Click!  The invisible troll triggers a rolling boulder trap.
 The invisible troll hits!
 The invisible troll hits!
 The invisible troll bites!
 Click!  You trigger a rolling boulder trap!
 No boulder was released.
 The invisible troll hits!
 The invisible troll hits!
 The invisible troll bites!
 You die...
 Do you want your possessions identified? [ynq] (y) y
 Do you want to see your attributes? [ynq] (y) y
 Do you want an account of creatures vanquished? [ynaq] (y) q

Inventory:
 Amulets  ('"')
  C - an uncursed amulet of ESP (being worn)
 Weapons  (')')
  t - 5 +0 elven daggers (at the ready)
  m - a +0 silver saber (wielded in left hand)
  a - the +1 Werebane (wielded in right hand)
 Armor    ('[')
  L - an uncursed +0 dwarvish iron helm (being worn)
  M - an uncursed +0 helm of caution
  I - an uncursed very burnt +0 pair of gauntlets of dexterity (being worn)
  n - a blessed +3 pair of iron shoes (being worn)
  N - an uncursed +0 elven cloak (being worn)
  j - an uncursed +0 Hawaiian shirt with a sailboat motif named original (being worn)
  D - an uncursed +0 dwarvish mithril-coat (being worn)
 Comestibles  ('%')
  k - 2 uncursed semen treats
  d - 4 uncursed food rations
  W - an uncursed lichen corpse
  O - 4 uncursed lizard corpses
 Scrolls  ('?')
  r - an uncursed scroll of teleportation
  y - a cursed scroll of teleportation
 Rings    ('=')
  A - an uncursed ring of conflict
  B - an uncursed ring of free action named tried
  J - a cursed ring of hunger
  l - an uncursed ring of regeneration (on right hand)
  z - an uncursed ring of teleport control (on left hand)
 Wands    ('/')
  P - a wand of digging (0:8)
  E - a wand of digging (0:1)
  X - a wand of lightning (1:3)
  R - a wand of magic missile (0:1)
  u - a wand of sleep named sleep or death (0:7)
  K - a wand of sleep (0:4)
  S - a wand of striking (0:6)
  w - a wand of teleportation (0:5)
 Tools    ('(')
  h - an uncursed bag of holding containing 49 items
  q - an uncursed leash
  e - a +0 pick-axe
  c - an uncursed skeleton key
  i - an uncursed tin whistle
  o - an uncursed towel
  p - a +0 unicorn horn
 Gems/Stones  ('*')
  g - a blessed luckstone

Contents of the bag of holding:
  an uncursed amulet of unchanging
  an uncursed +0 dwarvish cloak
  an uncursed scroll of amnesia
  2 uncursed scrolls of blank paper
  an uncursed scroll of charging
  2 uncursed scrolls of create monster
  2 uncursed scrolls of destroy armor
  2 uncursed scrolls of earth
  2 blessed scrolls of magic mapping
  5 uncursed scrolls of magic mapping
  a blessed scroll of scare monster
  4 uncursed potions of booze
  a cursed potion of booze
  a blessed potion of fruit juice
  a blessed potion of invisibility
  a blessed potion of object detection
  7 uncursed potions of object detection
  an uncursed potion of speed
  a potion of unholy water
  a cursed -1 ring of adornment
  an uncursed ring of free action
  an uncursed -1 ring of increase accuracy named not T.C.
  an uncursed ring of polymorph
  a cursed ring of protection from shape changers
  an uncursed ring of stealth
  a wand of light (0:13)
  a wand of polymorph (0:7)
  a wand of polymorph (0:4)
  a wand of secret door detection (0:13)
  an uncursed credit card named original
  an uncursed figurine of an Olog-hai
  an uncursed tallow candle
  a +0 unicorn horn
  a +0 unicorn horn
  a +0 unicorn horn
  an uncursed amber stone
  an uncursed emerald
  an uncursed jade stone
  an uncursed jet stone
  an uncursed obsidian stone
  2 cursed topaz stones
  2 uncursed worthless pieces of blue glass
  3 uncursed worthless pieces of green glass
  an uncursed worthless piece of orange glass
  2 uncursed worthless pieces of red glass
  2 uncursed worthless pieces of violet glass
  4 uncursed worthless pieces of white glass
  4 uncursed worthless pieces of yellow glass
  4 uncursed worthless pieces of yellowish brown glass

BatBeefs the Tourist's attributes:

Background:
 You were a Peregrinatrix, a level 11 female human Tourist.
 You were neutral, on a mission for The Lady
 who was opposed by Blind Io (lawful) and Offler (chaotic).
 You were right-handed.
 You were in Sokoban, on level 9.
 You entered the dungeon 25942 turns ago.
 You had 10872 experience points, 9128 more were needed to attain level 12.

Basics:
 You had 0 out of 87 hit points.
 You had all 54 energy points (spell power).
 Your armor class was -4.
 Your wallet was empty.
 Autopickup was off.

Final Characteristics:
 Your strength was 17 (peak:18, limit:18/100).
 Your dexterity was 13 (peak:15, limit:18).
 Your constitution was 17 (limit:18).
 Your intelligence was 15 (limit:18).
 Your wisdom was 11 (limit:18).
 Your charisma was 17 (limit:18).

Final Status:
 You weren't hungry.
 You were burdened; movement was slightly slowed.
 You were wielding two weapons at once.
 You were skilled in saber and two weapons.

Final Attributes:
 You were piously aligned.
 You were fire resistant.
 You were cold resistant.
 You were sleep resistant.
 You were poison resistant.
 You were telepathic.
 You had automatic searching.
 You were stealthy.
 You could teleport.
 You had teleport control.
 You regenerated.
 You were guarded.
 You were very lucky.
 You had extra luck.
 Good luck did not time out for you.
 You are dead.

Miscellaneous:
 You encountered 1 bones level.
 Total elapsed playing time was 8 hours, 15 minutes and 15 seconds.

Major events:
 Turn
    1: BatBeefs the neutral female human Tourist entered the dungeon
  965: attained the rank of Sightseer (level 3)
 1789: entered the Gnomish Mines
 4433: reached Mine Town
 4481: attained the rank of Excursionist (level 6)
 4748: was bestowed with Werebane by The Lady
16540: was bestowed with Ogresmasher by The Lady
20396: attained the rank of Peregrinatrix (level 10)
25091: entered Sokoban
25340: entered the Bigroom
25942: killed by an invisible troll

You didn't know any spells.

Skills:
 Fighting Skills
   bare handed combat [Unskilled]
   two weapon combat  [Skilled]
   riding             [Unskilled]
 Weapon Skills
   dagger             [Basic]
   knife              [Unskilled]
   axe                [Unskilled]
   pick-axe           [Unskilled]
   short sword        [Unskilled]
   broadsword         [Unskilled]
   long sword         [Unskilled]
   two-handed sword   [Unskilled]
   saber              [Skilled]
   mace               [Unskilled]
   morning star       [Unskilled]
   flail              [Unskilled]
   hammer             [Unskilled]
   quarterstaff       [Unskilled]
   polearms           [Unskilled]
   spear              [Unskilled]
   trident            [Unskilled]
   lance              [Unskilled]
   bow                [Unskilled]
   sling              [Unskilled]
   crossbow           [Unskilled]
   dart               [Basic]
   shuriken           [Unskilled]
   boomerang          [Unskilled]
   whip               [Unskilled]
   unicorn horn       [Unskilled]
 Spellcasting Skills
   divination spells  [Unskilled]
   enchantment spells [Unskilled]
   escape spells      [Unskilled]

Voluntary challenges:
 Character rerolling was not enabled.
 You never genocided any monsters.
 You never polymorphed an object.
 You never changed form.
 You used no wishes.
 You did not violate any of the special Sokoban rules.
Achievements:
 You entered a shop.
 You attained the rank of Sightseer.
 You entered the Gnomish Mines.
 You entered Minetown.
 You attained the rank of Excursionist.
 You entered a temple.
 You attained the rank of Peregrinatrix.
 You entered Sokoban.
 You entered the Big Room.

 The Dungeons of Doom: levels 1 to 11
    Level 1:
    Level 2:
       A general store.
    Level 3:
       A food shop.
       Stairs down to The Gnomish Mines.
    Level 4:
       Many trees.
    Level 5:
       A sink.
    Level 6:
    Level 7:
    Level 8:
    Level 9:
       Many fountains.
    Level 10:
       A sink.
       Stairs up to Sokoban, level 9.
    Level 11:
       A fountain, many trees.
       A very big room.
 The Gnomish Mines: levels 4 to 9
    Level 4:
    Level 5:
    Level 6:
    Level 7:
       Some shops, a temple and an altar to The Lady, many fountains.
       Final resting place for
          BeardyHaddock-Arc-Gno-Mal-Neu, killed by a wand.
    Level 8:
    Level 9:
 Sokoban:
    Level 9: <- You were here.
       Unsolved.
       Final resting place for
          you, killed by an invisible troll.


Vanquished creatures:
  a black pudding
  a ghost
  a flesh golem
  a wumpus
  3 couatls
  a warg
  2 xans
  2 quantum mechanics
  a troll
  a flaming sphere
  2 tigers
  2 dwarf rulers
  2 tengu
  2 wraiths
  2 Grey-elves
  a watchman
 an amorous demon
  a chameleon
  a crocodile
  5 giant beetles
  2 quivering blobs
  2 cockatrices
  2 wolves
  2 winter wolf cubs
  a lynx
  3 panthers
  a spotted jelly
  2 leprechauns
  2 orc-captains
  2 iron piercers
  a mumak
  2 giant spiders
  2 black lights
  2 forest centaurs
  4 gnome rulers
  3 ogres
  a brown pudding
  3 owlbears
  3 yetis
  2 gold golems
  4 werewolves
  4 Green-elves
 10 lizards
  3 chickatrices
  a dingo
  2 housecats
  2 jaguars
  2 dwarf leaders
  2 blue jellies
  3 white unicorns
  2 black unicorns
  3 dust vortices
  3 ravens
  a plains centaur
  a gnome mummy
  5 snakes
  5 apes
  a rope golem
  8 Woodland-elves
  3 fire ants
 26 bugbears
  3 imps
  2 quasits
 11 wood nymphs
  5 water nymphs
  3 mountain nymphs
  4 Mordor orcs
  4 orc shamans
  4 rock piercers
  3 rock moles
  a fog cloud
  6 yellow lights
  2 shriekers
  3 violet fungi
 15 gnome leaders
  3 gnomish wizards
  2 kobold mummies
  5 gray oozes
 an elf zombie
  2 straw golems
  a paper golem
  a baby crocodile
  4 giant ants
  3 little dogs
  7 floating eyes
  2 kittens
 18 dwarves
  2 homunculi
  6 kobold leaders
  3 kobold shamans
 32 hill orcs
 13 rothes
  a rabid rat
  2 centipedes
  3 giant bats
  6 orc zombies
  4 dwarf zombies
  2 werejackals
 10 iguanas
 27 killer bees
  2 acid blobs
  6 coyotes
  3 gas spores
  9 hobbits
 25 manes
 10 large kobolds
 24 hobgoblins
  8 giant rats
  5 cave spiders
  3 brown molds
  4 yellow molds
  a green mold
  3 red molds
 57 gnomes
 12 garter snakes
  2 gnome zombies
 10 geckos
  8 jackals
  3 foxes
  9 kobolds
 10 goblins
  3 sewer rats
 12 grid bugs
  a bat
 13 lichens
  4 kobold zombies
 20 newts
659 creatures vanquished.

No species were genocided or became extinct.

Game over:
                       ----------
                      /          \
                     /    REST    \
                    /      IN      \
                   /     PEACE      \
                  /                  \
                  |     BatBeefs     |
                  |       0 Au       |
                  |   killed by an   |
                  | invisible troll  |
                  |                  |
                  |                  |
                  |       2026       |
                 *|     *  *  *      | *
        _________)/\\_//(\/(/\)/\//\/|_)_______

Aloha BatBeefs the Tourist...

You died in Sokoban on dungeon level 9 with 38110 points,
and 0 pieces of gold, after 25942 moves.
You were level 11 with a maximum of 87 hit points when you died.

